Map: Deathaura LE

Players

xprtN - Winner!

  • Race: Protoss Protoss
  • League: Diamond
  • Spawn Location: 5:00

VOD

Have the link to the VOD?

Description

Time

  • Played on: Dec. 2, 2020, 6:34 p.m.
  • Length: 8:19
Show
View Real Time Build Order
Export as new Build Order

xprtN Protoss - Winner!

Build Orders: Phoenix Opening, Zealot Archon 

Get SALT Encoding   

  12  0:02  Probe  
  12  0:14  Probe  
  12  0:17  Pylon  
  12  0:26  Probe (Chrono Boost)  
  12  0:39  Probe (Chrono Boost)  
  12  0:40  Gateway  
  12  0:47  Probe (Chrono Boost)  
  12  0:48  Assimilator  
  12  0:53  Probe  
  12  0:56  Assimilator  
  12  1:05  Probe (Chrono Boost)  
  12  1:10  Gateway  
  12  1:17  Probe (Chrono Boost)  
  12  1:22  Probe (Chrono Boost)  
  12  1:30  Cybernetics Core  
  12  1:31  Probe  
  12  1:41  Pylon  
  12  1:43  Probe  
  12  1:59  Probe  
  12  2:07  Stalker  
  12  2:08  Sentry, Warp Gate  
  12  2:34  Stalker  
  12  2:43  Pylon  
  12  2:48  Nexus  
  12  2:55  Shield Battery  
  12  3:01  Stalker  
  12  3:06  Stargate  
  12  3:10  Probe  
  12  3:14  Shield Battery  
  12  3:29  Probe  
  12  3:30  Robotics Facility  
  12  3:37  Pylon  
  12  3:43  Probe  
  12  3:49  Phoenix (Chrono Boost)  
  12  3:55  Probe (Chrono Boost)  
  12  3:57  Stalker  
  12  4:01  Probe (Chrono Boost)  
  12  4:07  Probe (Chrono Boost), Phoenix  
  12  4:12  Probe (Chrono Boost)  
  12  4:14  Probe (Chrono Boost)  
  12  4:20  Observer (Chrono Boost)  
  12  4:21  Probe  
  12  4:23  Probe  
  12  4:32  Phoenix  
  12  4:34  Pylon, Probe  
  12  4:43  Probe  
  12  4:48  Assimilator  
  12  4:49  Probe  
  12  4:50  Assimilator  
  12  4:51  Pylon  
  12  4:55  Probe  
  12  4:57  Phoenix  
  12  5:01  Probe  
  12  5:02  Immortal (Chrono Boost)  
  12  5:14  Probe  
  12  5:15  Probe  
  12  5:24  Twilight Council, Forge  
  12  5:26  Probe  
  12  5:27  Probe  
  12  5:33  Pylon  
  12  5:38  Probe  
  12  5:39  Immortal  
  12  5:50  Probe, Charge  
  12  5:51  Protoss Ground Weapons Level 1 (Chrono Boost)  
  12  6:04  Gateway  
  12  6:08  Gateway  
  12  6:13  Templar Archives  
  12  6:21  Gateway  
  12  6:22  Gateway, Immortal  
  12  6:30  Shield Battery  
  12  6:41  Gateway  
  12  6:43  Gateway  
  12  6:52  Pylon  
  12  7:00  Warp Prism (Chrono Boost)  
  12  7:01  Pylon  
  12  7:15  High Templar x3  
  12  7:16  High Templar  
  12  7:20  Zealot x2  
  12  7:22  Archon x2  
  12  7:25  Nexus  
  12  7:28  Shield Battery  
  12  7:32  Pylon  
  12  7:47  High Templar x2  
  12  7:48  Zealot x2  
  12  7:49  Zealot x2  
  12  7:50  Zealot  
  12  7:52  Archon, Zealot  
  12  8:12  Pylon  
  12  8:13  Pylon  
Tags
 
Add a new tag
Caveats
  • Supply blocks, unpowered buildings, or Contaminate may cause inaccurate times.
  • Supply counts are checked every 10 seconds.